 Dungeon Crawl Stone Soup version 0.17.0-28-g6e173f8 (webtiles) character file.

395 Horow the Fighter (level 6, -6/61 HPs)
             Began as a Minotaur Berserker on Nov 24, 2015.
             Was an Elder of Trog.
             Mangled by a gnoll
             ... wielding a +0 spear
              (8 damage)
             ... on level 3 of the Dungeon.
             The game lasted 00:11:21 (3157 turns).

Horow the Fighter (Minotaur Berserker)              Turns: 3157, Time: 00:11:21

Health: -6/61      AC:  2    Str: 27    XL:     6   Next: 52%
Magic:  5/5        EV: 12    Int:  4    God:    Trog [****..]
Gold:   180        SH:  0    Dex: 10    Spells: 0 memorised, 5 levels left

rFire  . . .     SeeInvis .     y - +0 war axe
rCold  . . .     Clarity  .     b - +0 animal skin
rNeg   . . .     SustAt   .     (no shield)
rPois  .         Gourm    .     (helmet restricted)
rElec  .         Spirit   .     (no cloak)
rCorr  .         Warding  .     (no gloves)
rMut   .         Rnd*Tele +     (no boots)
MR     .....                    (no amulet)
Stlth  ++........               o - ring of teleportation (curse)
                                k - +4 ring of strength

@: exhausted, slowed, very slow, not resistant to hostile enchantments,
unstealthy
A: retaliatory headbutt, horns 2
a: Berserk, Trog's Hand, Brothers in Arms, Burn Spellbooks, Renounce Religion,
Evoke Teleportation


You were on level 3 of the Dungeon.
You worshipped Trog.
Trog was greatly pleased with you.
You were not hungry.

You visited 1 branch of the dungeon, and saw 3 of its levels.

You collected 180 gold pieces.

Inventory:

Hand Weapons
 a - a +0 hand axe
 y - a +0 war axe (weapon)
Armour
 b - a +0 animal skin (worn)
Jewellery
 k - a +4 ring of strength (left hand)
 o - a cursed ring of teleportation (right hand)
 q - a cursed ring of teleportation
 u - an uncursed ring of stealth {unknown}
 v - a +5 ring of dexterity {unknown}
Wands
 x - a wand of confusion (20)
Scrolls
 d - a scroll of amnesia {unknown}
 g - a scroll of random uselessness {unknown}
 i - 4 scrolls of identify {unknown}
 l - 3 scrolls of blinking {unknown}
 m - a scroll of noise {unknown}
 r - a scroll of recharging {unknown}
 t - a scroll of immolation {unknown}
 A - a scroll of teleportation {unknown}
Potions
 e - a potion of curing {unknown}
 n - a potion of might {unknown}
 w - a potion of degeneration {unknown}
 z - a potion of heal wounds {unknown}
Comestibles
 c - 2 bread rations
 h - 2 meat rations
 j - a beef jerky
 p - 10 fruits
 s - a royal jelly


   Skills:
 * Level 8.1 Fighting
 - Level 3.6 Axes
 + Level 3.2 Armour
 - Level 2.1 Dodging
 + Level 1.9 Stealth


You had 5 spell levels left.
You didn't know any spells.

Dungeon Overview and Level Annotations

Branches:
Dungeon (3/15)

Altars:
Nemelex Xobeh


Innate Abilities, Weirdness & Mutations

You reflexively headbutt those who attack you in melee.
You have a pair of horns on your head.


Message History

The gnoll hits you but does no damage. The big kobold hits you with a whip!
* * * LOW HITPOINT WARNING * * *
You barely miss the big kobold. Your headbutt misses the big kobold.
The big kobold is almost dead.
The gnoll barely misses you. The big kobold misses you.
You slash the big kobold!
You kill the big kobold!
Trog accepts your kill.
Your Fighting skill increases to level 8!
The gnoll hits you from afar with a spear!
* * * LOW HITPOINT WARNING * * *
You feel a strong urge to attack something.
You feel your anger subside.
You are no longer berserk.
You are exhausted.
You feel yourself slow down. The gnoll hits you with a whip.
* * * LOW HITPOINT WARNING * * *
The gnoll hits you from afar with a spear!
You die...

##### ############# ###### ....##
##.....#...... #....#
.....###......'...... #....#
......#.......#########....######
......#)...g.........#).....#....
.....()..g..K.gg@...))......'..?
......#..(....g(.....#......#.
......#.......#########))÷(##
.....###....(.'.......#.)..#
....## ##.....#..)....#....#
########################))#######
≈≈≈≈≈≈≈≈≈≈≈≈≈≈≈≈≈≈≈≈≈≈≈..).≈≈≈≈≈≈
≈≈≈≈≈≈≈≈≈≈≈≈≈≈≈≈≈≈≈≈≈≈.....≈≈≈≈≈≈
≈≈≈≈≈≈≈≈≈≈≈≈≈≈≈≈≈≈≈≈≈≈≈....≈≈≈≈≈≈


You could see a big kobold, 3 gnolls and 2 hobgoblins.

Vanquished Creatures
  A big kobold (D:3)
  A giant frog (D:3)
  An orc wizard (D:3)
  A hound (D:3)
  A worker ant (D:3)
  4 adders (D:2)
  A gnoll (D:3)
  4 worms (D:2)
  3 giant geckos
  9 orcs (D:3)
  4 giant cockroaches
  24 goblins
  11 hobgoblins
  5 jackals
  11 kobolds
  A quokka (D:2)
  A ball python (D:2)
  8 bats
  6 giant newts
  11 rats
108 creatures vanquished.

Notes
Turn   | Place    | Note
--------------------------------------------------------------
     0 | D:1      | Horow the Minotaur Berserker began the quest for the Orb.
     0 | D:1      | Reached XP level 1. HP: 19/19 MP: 0/0
   107 | D:1      | Reached skill level 4 in Fighting
   122 | D:1      | Reached XP level 2. HP: 20/27 MP: 1/1
   575 | D:2      | Reached ** piety under Trog
   621 | D:2      | Reached skill level 5 in Fighting
   621 | D:2      | Reached XP level 3. HP: 21/36 MP: 2/2
  1151 | D:2      | Reached XP level 4. HP: 22/44 MP: 3/3
  1617 | D:2      | Reached skill level 6 in Fighting
  1784 | D:2      | Found a sparkling altar of Nemelex Xobeh.
  2175 | D:3      | Reached XP level 5. HP: 36/51 MP: 4/4
  2178 | D:3      | Noticed a giant frog
  2179 | D:3      | Reached *** piety under Trog
  2181 | D:3      | Killed a giant frog
  2181 | D:3      | Reached skill level 7 in Fighting
  2181 | D:3      | Reached skill level 1 in Stealth
  2808 | D:3      | Reached XP level 6. HP: 48/60 MP: 5/5
  3087 | D:3      | Reached **** piety under Trog
  3122 | D:3      | Noticed a big kobold
  3126 | D:3      | Noticed a big kobold
  3148 | D:3      | Killed a big kobold
  3148 | D:3      | Reached skill level 8 in Fighting
  3156 | D:3      | HP: 1/61 [gnoll/whip (4)]
  3157 | D:3      | Mangled by a gnoll

Action                   |  1- 3 |  4- 6 || total
-------------------------+-------+-------++-------
Melee: Hand axe          |    73 |    27 ||   100
       War axe           |       |    76 ||    76
Invok: Berserk           |     1 |     3 ||     4
 Stab: Sleeping          |       |     2 ||     2
  Eat: Chunk             |     2 |     2 ||     4
       Bread ration      |       |     2 ||     2
